Map: Pylon LE

Players

IlIlIlIlIlII

  • Race: Terran Terran
  • League: Diamond
  • Spawn Location: 11:00

BISUTV - Winner!

  • Race: Protoss Protoss
  • League: Platinum
  • Spawn Location: 5:00

VOD

Have the link to the VOD?

Description

Time

  • Played on: July 25, 2025, 6:05 p.m.
  • Length: 10:56
Show
View Real Time Build Order
Export as new Build Order

IlIlIlIlIlII Terran 

Build Orders: Reaper Expand 

Get SALT Encoding   

  12  0:07  Supply Depot  
  12  0:12  SCV  
  13  0:24  SCV  
  14  0:31  Barracks  
  14  0:38  Refinery  
  14  0:40  SCV  
  15  0:53  SCV  
  16  1:05  SCV  
  17  1:20  Barracks Reactor  
  17  1:21  Orbital Command  
  17  1:41  Command Center  
  18  1:47  SCV  
  18  1:56  Marine  
  18  1:57  Reaper  
  18  1:59  SCV  
  21  2:05  Supply Depot  
  21  2:11  SCV  
  22  2:16  Factory  
  22  2:18  Marine  
  23  2:26  SCV  
  24  2:31  Bunker  
  24  2:36  Marine x2  
  26  2:40  SCV  
  27  2:47  Refinery  
  27  2:54  Marine  
  27  2:55  Marine  
  30  2:58  SCV  
  30  3:01  Widow Mine  
  30  3:03  Starport  
  32  3:14  Orbital Command  
  32  3:23  SCV  
  33  3:33  Marine x2  
  35  3:34  Factory Tech Lab  
  35  3:35  SCV  
  36  3:47  SCV  
  36  3:51  Marine x2  
  36  3:54  Siege Tank  
  41  4:06  Bunker  
  41  4:07  Supply Depot  
  41  4:09  SCV x2  
  43  4:13  Medivac  
  43  4:14  Marine  
  46  4:28  Engineering Bay  
  46  4:29  Marine  
  46  4:30  Supply Depot  
  47  4:32  Marine, Siege Tank  
  47  4:35  SCV  
  52  4:44  SCV  
  53  4:47  Marine  
  53  4:51  Marine  
  53  4:52  SCV  
  56  4:56  SCV  
  56  4:57  Missile Turret  
  57  5:02  Missile Turret  
  57  5:04  Marine, SCV  
  59  5:08  Siege Tank  
  62  5:27  Missile Turret  
  62  5:30  Missile Turret  
  62  5:36  Supply Depot  
  62  5:37  Supply Depot  
  62  5:39  Starport Tech Lab  
  62  5:51  Marine, SCV  
  62  5:52  Marine  
  60  6:03  Siege Tank  
  56  6:05  Raven  
  56  6:09  Marine x2  
  56  6:10  Terran Infantry Weapons Level 1  
  59  6:18  Command Center  
  59  6:20  Command Center  
  59  6:32  Supply Depot x2  
  59  6:49  Bunker  
  59  6:53  Marine x2  
  63  6:54  Raven  
  63  6:55  Supply Depot  
  63  7:01  SCV  
  63  7:08  Siege Tank  
  67  7:11  Marine x2  
  67  7:13  SCV  
  70  7:32  Missile Turret  
  70  7:34  Orbital Command  
  70  7:42  Orbital Command  
  70  7:49  Orbital Command  
  70  7:56  Siege Tank  
  73  8:01  Bunker  
  73  8:20  Refinery  
  73  8:21  Refinery  
  73  8:23  Missile Turret x2  
  71  8:37  Marine x2, Siege Tank  
  71  8:39  SCV x3  
  71  8:40  SCV  
  79  8:42  Terran Infantry Armor Level 1  
  79  8:49  Supply Depot  
  79  8:51  SCV x2  
  79  8:52  SCV  
  79  8:54  Bunker  
  82  8:56  Supply Depot  
  82  8:57  Supply Depot  
  82  9:06  Supply Depot  
  82  9:07  Supply Depot  
  82  9:17  Supply Depot  
  82  9:18  Supply Depot  
  82  9:19  Supply Depot  
  82  9:20  Supply Depot  
  80  9:29  Siege Tank  
  80  9:30  Liberator  
  80  9:31  Marine x2  
  88  9:32  Orbital Command  
  88  9:37  Barracks  
  88  9:51  Supply Depot  
  88  9:54  Supply Depot  
  88  9:55  Supply Depot  
  88  9:57  Bunker  
  88  9:59  Marine x2  
  90  10:07  SCV x4  
  94  10:15  Siege Tank  
  94  10:16  Raven, Marine  
  94  10:17  Marine  
  94  10:19  SCV x3  
Show
View Real Time Build Order
Export as new Build Order

BISUTV Protoss - Winner!

Build Orders:  

Get SALT Encoding   

  12  0:00  Probe  
  13  0:15  Pylon  
  13  0:17  Probe  
  14  0:31  Probe  
  14  0:34  Gateway  
  15  0:43  Probe  
  16  0:55  Probe  
  17  1:07  Probe  
  17  1:08  Assimilator  
  18  1:13  Gateway  
  18  1:18  Assimilator  
  18  1:19  Probe  
  18  1:22  Cybernetics Core  
  19  1:31  Pylon, Probe  
  20  1:43  Probe  
  21  1:55  Probe  
  21  1:58  Warp Gate, Stalker  
  24  2:04  Stalker  
  27  2:08  Probe  
  27  2:17  Pylon  
  27  2:20  Probe  
  28  2:34  Nexus  
  28  2:40  Zealot  
  30  2:51  Twilight Council  
  30  2:53  Probe  
  31  2:58  Zealot  
  33  3:14  Probe  
  34  3:27  Charge  
  33  3:37  Probe  
  37  3:49  Probe  
  37  3:54  Probe  
  34  3:57  Gateway  
  34  4:02  Probe  
  35  4:03  Probe  
  37  4:10  Zealot  
  37  4:11  Zealot  
  37  4:12  Probe  
  37  4:15  Pylon  
  42  4:19  Gateway  
  42  4:24  Probe x2  
  43  4:28  Pylon  
  44  4:34  Zealot x2  
  44  4:36  Probe  
  49  4:40  Probe  
  50  4:48  Pylon, Probe  
  51  4:54  Probe  
  51  4:56  Zealot x3  
  51  4:57  Probe  
  58  5:05  Probe  
  58  5:06  Probe  
  61  5:14  Probe  
  61  5:16  Zealot x3  
  61  5:17  Zealot  
  70  5:26  Probe  
  70  5:28  Probe  
  72  5:35  Nexus  
  72  5:38  Probe  
  72  5:39  Pylon  
  72  5:40  Probe  
  72  5:56  Blink  
  70  6:12  Stalker x4  
  70  6:17  Probe  
  70  6:18  Probe  
  80  6:20  Assimilator  
  80  6:21  Pylon  
  80  6:24  Pylon  
  80  6:29  Probe  
  80  6:30  Probe  
  82  6:33  Gateway  
  82  6:36  Gateway  
  82  6:41  Probe  
  82  6:42  Probe  
  82  6:46  Stalker x3  
  82  6:47  Stalker  
  92  6:53  Probe x2  
  93  6:54  Probe  
  93  7:01  Probe  
  95  7:06  Probe  
  97  7:09  Assimilator  
  97  7:10  Probe, Zealot x3  
  97  7:11  Zealot  
  102  7:25  Probe  
  102  7:29  Probe  
  104  7:32  Probe  
  104  7:36  Zealot  
  104  7:37  Probe, Zealot  
  109  7:38  Zealot x3  
  109  7:42  Probe  
  117  7:51  Shield Battery  
  117  7:53  Pylon  
  117  8:01  Shield Battery  
  117  8:03  Gateway  
  117  8:09  Pylon  
  117  8:12  Probe x2, Robotics Facility  
  119  8:16  Robotics Facility  
  119  8:18  Pylon  
  119  8:19  Probe  
  120  8:22  Pylon  
  120  8:24  Probe x2  
  122  8:31  Probe  
  123  8:36  Probe  
  124  8:43  Probe  
  124  8:47  Zealot x2  
  129  8:50  Zealot x3  
  129  8:51  Nexus, Zealot  
  137  8:57  Probe  
  137  8:58  Probe  
  139  9:02  Observer  
  139  9:03  Observer  
  139  9:06  Assimilator  
  139  9:09  Probe, Assimilator  
  142  9:10  Pylon, Probe  
  142  9:13  Pylon  
  143  9:22  Probe, Stalker x2  
  143  9:23  Stalker x2  
  148  9:32  Pylon  
  148  9:34  Probe  
  149  9:38  Stalker  
  149  9:39  Stalker x2  
  149  9:45  Pylon  
  155  9:47  Immortal  
  155  9:48  Immortal  
  163  9:56  Gateway  
  163  9:57  Pylon  
  163  10:00  Pylon  
  163  10:05  Gateway  
  163  10:07  Zealot x3  
  163  10:08  Zealot x4  
  137  10:55  Pylon  
Tags
 
Add a new tag
Caveats
  • Supply blocks, unpowered buildings, or Contaminate may cause inaccurate times.
  • Supply counts are checked every 10 seconds.